 Dungeon Crawl Stone Soup version 0.28.0 (webtiles) character file.

Game seed: 726949669217812565

16 danielguo94 the Shield-Bearer (level 2, 0/19 HPs)
             Began as a Gargoyle Fighter on Feb 4, 2022.
             Slain by an adder (4 damage)
             ... on level 2 of the Dungeon.
             The game lasted 00:00:39 (314 turns).

danielguo94 the Shield-Bearer (Gargoyle Fighter)     Turns: 314, Time: 00:00:40

Health: 0/19       AC:  9    Str: 19    XL:     2   Next: 54%
Magic:  2/2        EV:  9    Int:  8    God:
Gold:   21         SH:  4    Dex:  9    Spells: 1/1 levels left

rFire   . . .      SeeInvis .   a - +0 flail
rCold   . . .      Faith    .   c - +0 buckler
rNeg    + . .      Spirit   .   b - +0 scale mail
rPois   ∞          Reflect  .   (no helmet)
rElec   +          Harm     .   (no cloak)
rCorr   .          Rampage  .   (no gloves)
Will    .....                   (no boots)
Stlth   ..........              (no amulet)
HPRegen 0.06/turn               (no ring)
MPRegen 0.08/turn               (no ring)

@: no status effects
A: sickness immunity, AC +2, negative energy resistance 1, electricity
resistance, torment resistance 1, petrification resistance
a: no special abilities


You were on level 2 of the Dungeon.
You visited 1 branch of the dungeon, and saw 2 of its levels.

You collected 21 gold pieces.

Inventory:

Hand Weapons
 a - a +0 flail (weapon)
Armour
 b - a +0 scale mail (worn)
 c - a +0 buckler (worn)
Potions
 d - a potion of might
 e - a potion of lignification {unknown}
 f - a potion of invisibility {unknown}


   Skills:
 + Level 3.4 Fighting
 + Level 2.3 Maces & Flails
 + Level 3.4 Armour
 + Level 0.3 Dodging
 + Level 3.5 Shields


You had one spell level left.
You didn't know any spells.
Your spell library was empty.

Dungeon Overview and Level Annotations

Branches:
Dungeon (1/15)

Altars:


Innate Abilities, Weirdness & Mutations

You are immune to sickness and miasma.
Your stone body is resilient. (AC +2)
You are immune to poison.
You resist negative energy. (rN+)
You are resistant to electric shocks. (rElec)
You are resistant to unholy torment.
You are immune to petrification.


Message History

The adder is lightly wounded.
The adder bites you. x2
You are too injured to fight recklessly!
You are too injured to fight recklessly!
You are too injured to fight recklessly!
You are too injured to fight recklessly!
You are too injured to fight recklessly!
You are too injured to fight recklessly!
You are too injured to fight recklessly!
You are too injured to fight recklessly!
You are too injured to fight recklessly!
You are too injured to fight recklessly!
You are too injured to fight recklessly!
You are too injured to fight recklessly!
You are too injured to fight recklessly!
You are too injured to fight recklessly!
You barely miss the adder.
The adder is lightly wounded.
The adder bites you but does no damage.
You barely miss the adder.
The adder is lightly wounded.
The adder bites you but does no damage. x2
You closely miss the adder.
The adder is lightly wounded.
The adder bites you. The adder completely misses you.
You hit the adder but do no damage.
The adder is lightly wounded.
The adder bites you.
You barely miss the adder.
The adder is lightly wounded.
The adder bites you but does no damage. The adder closely misses you.
You closely miss the adder.
The adder is lightly wounded.
The adder bites you.
* * * LOW HITPOINT WARNING * * *
The adder bites you but does no damage.
You miss the adder.
The adder is lightly wounded.
The adder bites you.
You die...

#############
............####
########.......#
#.##.##.#
#.##.##.#
#.##.##.#
...#.##@#
.....##S#
#.....##.####.#
..............#
#.##.##.###### #
.... ......
.........
.........


You could see an adder.

Vanquished Creatures
  A worm (D:2)
  2 giant cockroaches (D:1)
  A quokka (D:1)
  3 ball pythons (D:1)
  3 bats (D:1)
  A frilled lizard (D:2)
  2 goblins (D:1)
13 creatures vanquished.

Notes
Turn   | Place    | Note
-------+----------+-------------------------------------------
     0 | D:1      | danielguo94 the Gargoyle Fighter began the quest for the
                  | Orb.
     0 | D:1      | Reached XP level 1. HP: 14/14 MP: 1/1
   201 | D:1      | Reached XP level 2. HP: 19/19 MP: 2/2
   261 | D:1      | You fall into a shaft and drop 1 floor!
   314 | D:2      | Slain by an adder

Illustrated notes

Levels and vault maps discovered:
D:1:      amcnicky_arrival_flooded_fountain, layout_rooms
D:2:      layout_loops_ring, hellmonk_ecumenical_altar_leap_of_faith

Action                   || total
-------------------------++-------
Melee: Flail             ||    76
Armor: Scale mail        ||    66
Dodge: Dodged            ||    43
Block: Buckler           ||    21
